 Dungeon Crawl Stone Soup version 0.27-a0-1188-g73eefd5def (webtiles) character file.

Game seed: 2032207611459869854

9 chippings the Cudgeller (level 2, -2/19 HPs)
             Began as a Mummy Gladiator on May 20, 2021.
             Was a Follower of Hepliaklqana.
             Slain by a kobold
             ... wielding a +2 whip of electrocution
              (11 damage)
             ... on level 1 of the Dungeon.
             The game lasted 00:00:34 (451 turns).

chippings the Cudgeller (Mummy Gladiator)            Turns: 451, Time: 00:00:34

Health: -2/19      AC:  4    Str: 17    XL:     2   Next: 6%
Magic:  2/2        EV: 12    Int:  7    God:    Hepliaklqana [*.....]
Gold:   36         SH:  0    Dex: 13    Spells: 1/1 levels left

rFire    x . .     SeeInvis .   a - +0 flail
rCold    + . .     Faith    .   (no shield)
rNeg     + + +     Spirit   .   b - +0 leather armour
rPois    ∞         Reflect  .   c - +0 helmet
rElec    .         Harm     .   (no cloak)
rCorr    .         Rampage  .   (no gloves)
Will     .....                  (no boots)
Stlth    +.........             (no amulet)
HPRegen  0.06/turn              (no ring)
MPRegen  0.08/turn              (no ring)

@: no status effects
A: reduced essence, cold resistance 1, negative energy resistance 3, torment
resistance 2, heat vulnerability 1, no potions
a: Renounce Religion, Recall Ancestor, Ancestor Identity


You were on level 1 of the Dungeon.
You worshipped Hepliaklqana.
Hepliaklqana was aware of your devotion.
You visited 1 branch of the dungeon, and saw 1 of its levels.

You collected 36 gold pieces.

Inventory:

Hand Weapons
 a - a +0 flail (weapon)
Missiles
 d - 3 throwing nets (quivered)
 e - 9 poisoned darts
Armour
 b - a +0 leather armour (worn)
 c - a +0 helmet (worn)


   Skills:
 + Level 2.2 Fighting
 * Level 2.8 Maces & Flails
 - Level 1.5 Throwing
 - Level 2.4 Dodging


You had one spell level left.
You didn't know any spells.
Your spell library was empty.

Dungeon Overview and Level Annotations

Branches:
Dungeon (1/15)

Altars:
Hepliaklqana


Innate Abilities, Weirdness & Mutations

Your life essence is reduced to manifest your ancestor. (-10% HP)
You are immune to poison.
Your flesh is cold resistant. (rC+)
You are immune to negative energy. (rN+++)
You are immune to unholy pain and torment.
You are vulnerable to heat. (rF-)
You do not drink.


Message History

You can now recall your ancestor.
You can now remember your ancestor's identity.
You swap places.
There is an open door here.
The ball python hisses angrily.
The ball python barely misses you. The ball python misses you.
The ball python closely misses you. The ball python barely misses you.
You barely miss the ball python. The ball python closely misses you.
The ball python barely misses you.
You closely miss the ball python.
The ball python bites you but does no damage.
The ball python grabs you. The ball python constricts you.
The ball python bites you. The ball python constricts you.
You barely miss the ball python.
The ball python bites you but does no damage.
The ball python constricts you.
You closely miss the ball python.
The ball python bites you but does no damage.
The ball python constricts you.
The ball python bites you but does no damage.
The ball python constricts you.
You sock the ball python!
You kill the ball python!
You have reached level 2!
An endoplasm comes into view.
The endoplasm quivers.
Found 10 gold pieces.
You hit the endoplasm.
The endoplasm is lightly wounded.
The endoplasm hits you.
You thump the endoplasm!
You kill the endoplasm!
A kobold comes into view.
It is wielding a +2 whip of electrocution.
The kobold shouts!
You see here 10 gold pieces.
You hit the kobold but do no damage.
The kobold hits you with a +2 whip of electrocution. x2
You are electrocuted!
Ouch! That really hurt!
You die...

#########
...#####........
###
#....K@R.......
####.##
...#####.########.
......# #.#
###.####.....
####.##
#.####........#
####†#
#.................
.....###
#..###.#####.#####
.#.....###..# #.#
.#
.#...#.##...###.#
#
................#


You could see the friendly Servia the ancestor and a kobold (ally target).

Vanquished Creatures
  A ball python (D:1)
  A bat (D:1)
  An endoplasm (D:1)
  A goblin (D:1)
  2 quokkas (D:1)
  2 rats (D:1)
8 creatures vanquished.

Notes
Turn   | Place    | Note
-------+----------+-------------------------------------------
     0 | D:1      | chippings the Mummy Gladiator began the quest for the Orb.
     0 | D:1      | Reached XP level 1. HP: 16/16 MP: 1/1
   408 | D:1      | Found a faded altar of an unknown god.
   423 | D:1      | Became a worshipper of Hepliaklqana the Forgotten
   423 | D:1      | Reached * piety under Hepliaklqana
   439 | D:1      | Reached XP level 2. HP: 15/19 MP: 2/2
   451 | D:1      | Slain by a kobold

Illustrated notes

Levels and vault maps discovered:
D:1:      dpeg_arrival_water_temple_mockup, layout_loops_ring,
          shapermc_ecumenical_altar_mp_vishouse

Action                   || total
-------------------------++-------
Melee: Flail             ||    26
Armor: Leather armour    ||    12
Dodge: Dodged            ||    21

Table legend: (Time is in decaauts)
 A = Elapsed time spent in this place.
 B = Non-inter-level travel time spent in this place.
 C = Inter-level travel time spent in this place.
 D = Time resting spent in this place.
 E = Time spent auto-exploring this place.
 F = Levels seen in this place.
 G = Mean time per level.
                   A        B        C        D        E       F      G
               +--------+--------+--------+--------+--------+-----+--------+
         Total |    457 |    457 |      0 |      0 |    342 |   1 |  457.0 |
       Dungeon |    457 |    457 |      0 |      0 |    342 |   1 |  457.0 |
               +--------+--------+--------+--------+--------+-----+--------+

Top non-repeatable levels by time:
     D:1: 457 daAuts
